 Dungeon Crawl Stone Soup version 0.30-a0-122-g2a1322497e (webtiles) character file.

Game seed: 265020435105960341

514 Decritt the Sneak (level 7, -6/36 HPs)
             Began as a Spriggan Hunter on Sept 16, 2022.
             Killed by divine providence
             ... invoked by an orc priest
              (14 damage)
             ... on level 5 of the Dungeon.
             The game lasted 00:14:05 (5674 turns).

Decritt the Sneak (Spriggan Hunter)                 Turns: 5674, Time: 00:14:06

Health: -6/36      AC:  2    Str: 13    XL:     7   Next: 0%
Magic:  8/8        EV: 20    Int: 11    God:
Gold:   241        SH:  5    Dex: 20    Spells: 6/6 levels left

rFire   . . .      SeeInvis +    a - +0 shortbow
rCold   . . .      Faith    .    (shield currently unavailable)
rNeg    . . .      Spirit   .    c - +0 robe
rPois   .          Reflect  +    (helmet restricted)
rElec   .          Harm     .    (no cloak)
rCorr   .          Rampage  .    (gloves unavailable)
Will    +....                    (boots unavailable)
Stlth   +++.......               d - amulet of reflection
HPRegen 0.12/turn                g - +6 ring of strength
MPRegen 0.11/turn                (no ring)

@: very quick
A: very small, no large weapons, unfitting armour, see invisible, speed 3
a: no special abilities


You were on level 5 of the Dungeon.
You visited 1 branch of the dungeon, and saw 5 of its levels.

You collected 241 gold pieces.

Inventory:

Hand Weapons
 a - a +0 shortbow (weapon)
 b - the +4 whip of the Hills {venom, Dex+2 SInv}
   (You found it on level 3 of the Dungeon)

   It poisons the flesh of those it strikes.
   Dex:       It affects your dexterity (+2).
   SInv:      It lets you see invisible.
Armour
 c - a +0 robe (worn)
Jewellery
 d - an amulet of reflection (around neck)
 g - a +6 ring of strength (left hand)
 n - an amulet of the acrobat
Wands
 m - a wand of flame (9)
Scrolls
 f - a scroll of enchant weapon {unknown}
 h - a scroll of vulnerability {unknown}
 k - 2 scrolls of teleportation
 p - a scroll of immolation
 s - a scroll of amnesia {unknown}
Potions
 e - a potion of invisibility {unknown}
 i - 2 potions of curing
 l - a potion of cancellation {unknown}
 o - a potion of resistance {unknown}
 q - 2 potions of might
 t - a potion of mutation


   Skills:
 + Level 3.3 Fighting
 + Level 5.4 Ranged Weapons
 + Level 5.4 Dodging
 + Level 5.9 Stealth


You had 6 spell levels left.
You didn't know any spells.
Your spell library contained the following spells:

 Spells                   Type           Power      Damage    Failure   Level
 Summon Small Mammal      Summ           0%         N/A       34%         1
 Call Canine Familiar     Summ           0%         N/A       71%         3
 Ozocubu's Armour         Ice            0%         N/A       71%         3
 Summon Guardian Golem    Hex/Summ       0%         N/A       71%         3
 Ozocubu's Refrigeration  Ice            0%         4d7       100%        7


Dungeon Overview and Level Annotations

Branches:
Dungeon (5/15)
 Temple: D:4-7

Altars:
Elyvilon
Vehumet
Xom
The Shining One


Innate Abilities, Weirdness & Mutations

You are very small and have problems with some larger weapons.
You are too small for most types of armour.
You have supernaturally acute eyesight. (SInv)
You cover ground extremely quickly. (Speed+++)


Message History

The orc priest is moderately wounded.
Fire: a) +0 shortbow
Press: ? - help, Q - select action, (/) - cycle Shift-Dir - straight line, f/p - orc priest
Aim: an orc priest, wielding a +0 club and wearing a +0 chain mail (moderately wounded, 72% to hit)
You shoot an arrow. The arrow hits the orc priest.
The orc priest is heavily wounded.
The orc priest mumbles some strange prayers to Beogh against you.
Pain shoots through your body!
There is a stone staircase leading up here.
Fire: a) +0 shortbow
Press: ? - help, Q - select action, (/) - cycle Shift-Dir - straight line, f/p - orc priest
Aim: an orc priest, wielding a +0 club and wearing a +0 chain mail (heavily wounded, 72% to hit)
You shoot an arrow.
The arrow hits the orc priest but does no damage.
The orc priest is heavily wounded.
The orc priest casts a cantrip, but nothing happens.
Fire: a) +0 shortbow
Press: ? - help, Q - select action, (/) - cycle Shift-Dir - straight line, f/p - orc priest
Aim: an orc priest, wielding a +0 club and wearing a +0 chain mail (heavily wounded, 72% to hit)
You shoot an arrow. The arrow barely misses the orc priest.
Fire: a) +0 shortbow
Press: ? - help, Q - select action, (/) - cycle Shift-Dir - straight line, f/p - orc priest
Aim: an orc priest, wielding a +0 club and wearing a +0 chain mail (heavily wounded, 72% to hit)
You shoot an arrow. The arrow hits the orc priest.
The orc priest is severely wounded.
Fire: a) +0 shortbow
Press: ? - help, Q - select action, (/) - cycle Shift-Dir - straight line, f/p - orc priest
Aim: an orc priest, wielding a +0 club and wearing a +0 chain mail (severely wounded, 72% to hit)
You shoot an arrow. The arrow barely misses the orc priest.
Fire: a) +0 shortbow
Press: ? - help, Q - select action, (/) - cycle Shift-Dir - straight line, f/p - orc priest
Aim: an orc priest, wielding a +0 club and wearing a +0 chain mail (heavily wounded, 72% to hit)
You shoot an arrow. The arrow hits the orc priest.
The orc priest is severely wounded.
The orc priest invokes the aid of Beogh against you.
Beogh smites you!
* * * LOW HITPOINT WARNING * * *
The orc priest calls down the wrath of Beogh upon you.
Beogh smites you!
You die...

##+##+##
####......#
#....@....#
#.#.......#
#....o....#
#.##......#
#..............
....###.........#
#######.........#
.............#
............+


You could see an orc priest.

Vanquished Creatures
  A black bear (D:4)
  A hound (D:5)
  2 orc priests
  Natasha (thrice) (D:3)
  2 orc wizards (D:4)
  A gnoll (D:2)
  7 adders
  An ufetubus (D:4)
  3 worms
  3 dart slugs
  10 orcs
  12 ball pythons
  10 endoplasms
  6 giant cockroaches
  3 goblins
  6 hobgoblins
  10 jackals
  12 kobolds
  2 quokkas (D:3)
  5 bats
  8 frilled lizards
  4 rats
112 creatures vanquished.

Vanquished Creatures (others)
  4 plants (D:1)
4 creatures vanquished.

Grand Total: 116 creatures vanquished

Notes
Turn   | Place    | Note
-------+----------+-------------------------------------------
     0 | D:1      | Decritt the Spriggan Hunter began the quest for the Orb.
     0 | D:1      | Reached XP level 1. HP: 10/10 MP: 2/2
    40 | D:1      | Reached XP level 2. HP: 15/15 MP: 3/3
   658 | D:1      | Reached XP level 3. HP: 18/18 MP: 4/4
  1186 | D:2      | Reached XP level 4. HP: 23/23 MP: 5/5
  2028 | D:3      | Identified the +4 whip of the Hills {venom, Dex+2 SInv}
  2069 | D:3      | Found a glowing golden altar of the Shining One.
  2170 | D:3      | Noticed Natasha
  2175 | D:3      | Killed Natasha
  2176 | D:3      | Reached XP level 5. HP: 17/27 MP: 6/6
  2368 | D:3      | Found a faded altar of an unknown god.
  2639 | D:3      | Found a shimmering altar of Xom.
  2936 | D:3      | Noticed Natasha
  2953 | D:3      | Killed Natasha
  2976 | D:3      | Noticed Natasha
  2988 | D:3      | Killed Natasha
  2989 | D:3      | Reached skill level 5 in Ranged Weapons
  3321 | D:4      | Reached XP level 6. HP: 32/32 MP: 7/7
  3738 | D:4      | Found a radiant altar of Vehumet.
  3772 | D:4      | Reached skill level 5 in Stealth
  3876 | D:4      | Reached skill level 5 in Dodging
  4370 | D:4      | Found a white marble altar of Elyvilon.
  4823 | D:5      | Entered Level 5 of the Dungeon
  5558 | D:4      | Reached XP level 7. HP: 36/36 MP: 8/8
  5674 | D:5      | Killed from afar by an orc priest

Illustrated notes

Levels and vault maps discovered:
D:1:      kennysheep_arrival_forest, layout_basic, minmay_lizard_king
D:2:      layout_basic, grunt_decor_clamped, cheibrodos_gnoll_hut
D:3:      layout_loops_ring, lemuel_coloured_pillars_altar,
          nicolae_overflow_hidden_temple, ebering_ecumenical_altar_sacrificial,
          uniq_natasha
D:4:      layout_layer_cave, elyvilon_altar_3, mainiacjoe_overflow_catwalk
D:5:      layout_basic

Skill      XL: |  1  2  3  4  5  6 |
---------------+-------------------+-----
Stealth        | 2 3 4 5 |  5.9
Dodging        | 3 4 5 |  5.4
Fighting       | 2 3 |  3.3
Ranged Weapons | 5 |  5.4

Action                   |  1- 3 |  4- 6 |  7- 9 || total
-------------------------+-------+-------+-------++-------
Melee: Whip              |       |    39 |       ||    39
 Fire: Shortbow          |   110 |   178 |     7 ||   295
  Use: Scroll            |       |     5 |       ||     5
Armor: Robe              |     1 |     2 |       ||     3
Dodge: Dodged            |    21 |    72 |       ||    93
Block: Other             |     8 |    25 |       ||    33
       Reflection        |       |     1 |       ||     1

Table legend: (Time is in decaauts)
 A = Elapsed time spent in this place.
 B = Non-inter-level travel time spent in this place.
 C = Inter-level travel time spent in this place.
 D = Time resting spent in this place.
 E = Time spent auto-exploring this place.
 F = Levels seen in this place.
 G = Mean time per level.
                   A        B        C        D        E       F      G
               +--------+--------+--------+--------+--------+-----+--------+
         Total |   4454 |   4246 |    208 |   1582 |   1785 |   5 |  890.8 |
       Dungeon |   4454 |   4246 |    208 |   1582 |   1785 |   5 |  890.8 |
               +--------+--------+--------+--------+--------+-----+--------+

Top non-repeatable levels by time:
     D:4: 1651 daAuts
     D:3: 1322 daAuts
     D:2: 796 daAuts
     D:1: 628 daAuts
     D:5: 54 daAuts
